 Dungeon Crawl Stone Soup version 0.23.2-1-ga50397a6bc (webtiles) character file.

Game seed: 17372203452235836525

1722 Mithandil the Ducker (level 8, -8/83 HPs)
             Began as a Troll Berserker on May 29, 2019.
             Was a Believer of Trog.
             Mangled by a troll (17 damage)
             ... on level 7 of the Dungeon.
             The game lasted 01:03:09 (4917 turns).

Mithandil the Ducker (Troll Berserker)              Turns: 4917, Time: 01:03:10

Health: -8/83      AC:  7    Str: 28    XL:     8   Next: 75%
Magic:  7/7        EV: 12    Int:  3    God:    Trog [**....]
Gold:   242        SH:  0    Dex:  9    Spells: 7/7 levels left

rFire    . . .     SeeInvis .   G - +0 giant club
rCold    + . .     Gourm    +   (shield currently unavailable)
rNeg     + . .     Faith    .   h - +0 robe
rPois    .         Spirit   .   (helmet restricted)
rElec    .         Reflect  .   u - +0 cloak
rCorr    .         Harm     .   (gloves unavailable)
MR       .....                  (boots unavailable)
Stlth    +.........             (no amulet)
HPRegen  0.63/turn              p - ring of protection from cold
MPRegen  0.10/turn              v - ring of positive energy

@: no status effects
A: large, unfitting armour, claws 3, fast metabolism 3, gourmand, regeneration
1, shaggy fur 1, tough skin 3
a: Berserk, Trog's Hand, Renounce Religion


You were on level 7 of the Dungeon.
You worshipped Trog.
Trog was pleased with you.
You were near starving.

You visited 2 branches of the dungeon, and saw 9 of its levels.

You collected 334 gold pieces.
You spent 92 gold pieces at shops.

Inventory:

Hand Weapons
 G - a +0 giant club (weapon)
 H - a +0 dire flail
 I - the +7 long sword "Fegu Vea" {flame, rPois rF- Str+5, unknown}
   (You found it on level 7 of the Dungeon)

   It has been specially enchanted to burn those struck by it, causing extra
   injury to most foes and up to half again as much damage against particularly
   susceptible opponents.
   Big, fiery blades are also staple armaments of hydra-hunters.
   It affects your strength (+5).
   It makes you vulnerable to fire.
   It protects you from poison.
Missiles
 b - 4 javelins (quivered)
 f - 292 stones
 l - 3 needles of confusion
 m - 40 sling bullets
 n - 56 poisoned needles
 F - 7 tomahawks
Armour
 d - a +0 buckler
 h - a +0 robe (worn)
 u - a +0 cloak (worn)
Jewellery
 p - a ring of protection from cold (left claw)
 v - a ring of positive energy (right claw)
 y - an uncursed ring of ice
Scrolls
 i - a scroll of blinking {unknown}
 j - 2 scrolls of teleportation {unknown}
 o - 3 scrolls of magic mapping {unknown}
 s - a scroll of enchant armour {unknown}
 t - a scroll of noise {unknown}
 x - 3 scrolls of remove curse {unknown}
 A - a scroll of amnesia {unknown}
 B - a scroll of fear {unknown}
 D - 2 scrolls of fog {unknown}
Potions
 a - 2 potions of ambrosia {unknown}
 c - 5 potions of haste {unknown}
 e - 3 potions of brilliance
 k - 3 potions of lignification {unknown}
 q - 3 potions of degeneration {unknown}
 r - 4 potions of curing {unknown}
 w - a potion of invisibility {unknown}
 z - a potion of might {unknown}
 C - 2 potions of heal wounds {unknown}
Comestibles
 g - 10 rations
 E - 4 chunks of flesh


   Skills:
 + Level 6.2 Fighting
 + Level 2.8(3.8) Maces & Flails
   Level 3.5(4.0) Staves
 + Level 6.2 Dodging
 - Level 3.0 Unarmed Combat


You had 7 spell levels left.
You didn't know any spells.
Your spell library was empty.

Dungeon Overview and Level Annotations

Branches:
Dungeon (8/15)             Temple (1/1) D:4
   Lair: D:8-11

Altars:
Ashenzari
Cheibriados
Dithmenos
Elyvilon
Fedhas
Gozag
Hepliaklqana
Kikubaaqudgha
Makhleb
Nemelex Xobeh
Okawaru
Qazlal
Ru
Sif Muna
Trog
Uskayaw
Vehumet
Wu Jian
Xom
Yredelemnul
Zin

Shops:
D:5 [


Innate Abilities, Weirdness & Mutations

You are too large for most types of armour.
You have claws for hands.
Your metabolism is lightning-fast.
You like to eat raw meat.
Your natural rate of healing is unusually fast.
You are covered in fur. (AC +1)
You have extremely tough skin. (AC +3)


Message History

The troll bites you. The troll claws you! x2
The troll bites you but does no damage. The troll claws you. x2
* * * LOW HITPOINT WARNING * * *
You sock the troll!
The troll is almost dead.
The troll barely misses you. The troll misses you. The troll claws you!
* * * LOW HITPOINT WARNING * * *
You barely miss the troll.
The troll is almost dead.
The troll bites you but does no damage. The troll claws you.
* * * LOW HITPOINT WARNING * * *
The troll claws you.
* * * LOW HITPOINT WARNING * * *
The troll bites you.
* * * LOW HITPOINT WARNING * * *
The troll closely misses you. The troll barely misses you.
You hit the troll but do no damage.
The troll is almost dead.
The troll bites you!
You die...

# #. ..................... #
####.######......####...<..... #
#................##...####.### #
#.....## #....#.##.### #..# #
#...## #....#....# ##T## #
#....####.#......### #... #
##.#...#....####...# ###. #
######.###.#..########.######..
..........>.....@T..............#
.......#..##..................###
######.............##...###......
# ###........#######.#######.. #
###..#.....## #.......... #
###...#####...## ####.........
#.....# #.#..###............
####.#########.##.....##.........
..................###............


You could see a troll.

Vanquished Creatures
  Menkaure (D:7)
  2 sky beasts
  2 phantoms (D:4)
  A centaur (D:5)
  2 ogres
  Blork the orc (D:6)
  2 bullfrogs
  3 scorpions
  A bullfrog zombie (D:7)
  2 orc wizards (D:6)
  Crazy Yiuf (D:2)
  A bullfrog skeleton (D:4)
  Natasha (thrice) (D:2)
  Terence (D:2)
  2 iguanas
  4 worker ants
  4 gnolls (D:4)
  7 adders
  A shadow imp (D:6)
  An adder skeleton (D:4)
  A worm (D:4)
  2 dart slugs
  5 leopard geckos
  9 orcs
  2 ball pythons (D:4)
  9 bats
  3 giant cockroaches
  4 goblins
  10 jackals
  2 quokkas
  3 frilled lizards
  A jackal skeleton (D:4)
  4 kobolds
  A leopard gecko skeleton (D:5)
  A rat (D:2)
99 creatures vanquished.

Vanquished Creatures (others)
  An orc warrior (D:6)
1 creature vanquished.

Grand Total: 100 creatures vanquished

Notes
Turn   | Place    | Note
-------+----------+-------------------------------------------
     0 | D:1      | Mithandil the Troll Berserker began the quest for the Orb.
     0 | D:1      | Reached XP level 1. HP: 22/22 MP: 0/0
   318 | D:1      | Reached XP level 2. HP: 29/29 MP: 1/1
   694 | D:2      | Reached XP level 3. HP: 37/37 MP: 2/2
   728 | D:2      | Noticed Natasha
   738 | D:2      | Killed Natasha
   754 | D:2      | Noticed Terence
   762 | D:2      | Killed Terence
   762 | D:2      | Reached XP level 4. HP: 35/45 MP: 3/3
   900 | D:2      | Noticed Natasha
   908 | D:2      | Killed Natasha
   989 | D:2      | Found a glowing silver altar of Zin.
  1101 | D:2      | Reached ** piety under Trog
  1247 | D:2      | Found a faded altar of an unknown god.
  1501 | D:2      | Found a runed translucent door.
  1502 | D:2      | Noticed Crazy Yiuf
  1508 | D:2      | Killed Crazy Yiuf
  1508 | D:2      | Reached XP level 5. HP: 50/54 MP: 4/4
  1560 | D:2      | Noticed Natasha
  1573 | D:2      | Killed Natasha
  1825 | D:3      | Found a shadowy altar of Dithmenos.
  1867 | D:3      | Found an iron altar of Okawaru.
  2111 | D:4      | Found a staircase to the Ecumenical Temple.
  2128 | Temple   | Entered the Ecumenical Temple
  2278 | D:4      | Noticed a phantom
  2284 | D:4      | Reached skill level 1 in Staves
  2284 | D:4      | Reached XP level 6. HP: 56/62 MP: 5/5
  2370 | D:5      | Entered Level 5 of the Dungeon
  2370 | D:5      | Found Ejaisu Wesi's Antique Armour Boutique.
  2471 | D:4      | Found a sacrificial altar of Ru.
  2555 | D:4      | Found a snail-covered altar of Cheibriados.
  2601 | D:4      | Reached XP level 7. HP: 71/71 MP: 6/6
  2669 | D:5      | Found a radiant altar of Vehumet.
  2783 | D:4      | Found a burning altar of Makhleb.
  2785 | D:4      | Noticed a blizzard demon
  3109 | D:6      | Noticed Blork the orc
  3156 | D:5      | Reached skill level 5 in Dodging
  3163 | D:5      | Bought a runed robe for 92 gold pieces
  3216 | D:5      | Found a bloodstained altar of Trog.
  3331 | D:5      | Found an opulent altar of Gozag.
  3343 | D:5      | Reached skill level 5 in Fighting
  3666 | D:6      | Reached XP level 8. HP: 23/81 MP: 7/7
  3781 | D:6      | Killed Blork the orc
  4031 | D:6      | Reached skill level 1 in Maces & Flails
  4385 | D:7      | Noticed a troll
  4394 | D:7      | HP: 2/83 [troll (11)]
  4469 | D:7      | Found a burning altar of Makhleb.
  4769 | D:7      | Got a translucent long sword
  4848 | D:7      | Noticed Menkaure
  4856 | D:7      | Killed Menkaure
  4917 | D:7      | Mangled by a troll

Skill      XL: |  1  2  3  4  5  6  7  8 |
---------------+-------------------------+-----
Fighting       | 3 4 5 6 |  6.2
Dodging        | 3 4 5 6 |  6.2
Staves         | 1 2 3 |  3.5
Maces & Flails | 2 |  2.8
Unarmed Combat | |  3.0

Action                   |  1- 3 |  4- 6 |  7- 9 || total
-------------------------+-------+-------+-------++-------
Melee: Unarmed           |    60 |    33 |       ||    93
       Quarterstaff      |       |    89 |    81 ||   170
       Giant club        |       |       |   124 ||   124
  Use: Scroll            |       |     2 |     3 ||     5
 Stab: Sleeping          |     1 |       |       ||     1
  Eat: Chunk             |     4 |     9 |    15 ||    28
       Ration            |       |     2 |     2 ||     4
Armor: Animal skin       |    19 |    29 |       ||    48
       Robe              |       |    37 |    94 ||   131
Dodge: Dodged            |    27 |    87 |   150 ||   264
